 Dungeon Crawl Stone Soup version 0.28.0-47-ge53b351184 (webtiles) character file.

Game seed: 13744721960822575499

41 Kangaroobicon the Skirmisher (level 3, -3/31 HPs)
             Began as a Palentonga Fighter on Apr 26, 2022.
             Slain by Crazy Yiuf
             ... wielding a +4 quarterstaff of chaos
              (10 damage)
             ... on level 2 of the Dungeon.
             The game lasted 00:12:55 (1495 turns).

Kangaroobicon the Skirmisher (Palentonga Fighter)   Turns: 1495, Time: 00:12:56

Health: -3/31      AC: 11    Str: 19    XL:     3   Next: 32%
Magic:  3/3        EV:  2    Int:  8    God:
Gold:   72         SH: 11    Dex: 11    Spells: 2/2 levels left

rFire   . . .      SeeInvis +   a - +0 war axe (protect)
rCold   . . .      Faith    .   j - +0 tower shield
rNeg    . . .      Spirit   .   b - +0 scale mail
rPois   .          Reflect  .   (no helmet)
rElec   .          Harm     .   (no cloak)
rCorr   .          Rampage  .   (no gloves)
Will    +....                   e - +0 barding
Stlth   ..........              (no amulet)
HPRegen 0.10/turn               h - ring of willpower
MPRegen 0.08/turn               (no ring)

@: no status effects
A: large, rugged brown scales 3, see invisible, deformed body, roll 1, armoured
tail
a: Rolling Charge


You were on level 2 of the Dungeon.
You visited 1 branch of the dungeon, and saw 2 of its levels.

You collected 72 gold pieces.

Inventory:

Hand Weapons
 a - a +0 war axe of protection (weapon)
Armour
 b - a +0 scale mail (worn)
 c - a +0 buckler
 e - a +0 barding (worn)
 j - a +0 tower shield (worn)
 l - a +0 pair of gloves
Jewellery
 h - a ring of willpower (left hand)
Scrolls
 i - 2 scrolls of brand weapon
 k - 2 scrolls of identify
Potions
 d - a potion of might
 g - a potion of lignification {unknown}


   Skills:
 + Level 3.1 Fighting
 + Level 3.1 Axes
 + Level 2.6 Armour
 + Level 0.3 Dodging
 + Level 2.5 Shields


You had 2 spell levels left.
You didn't know any spells.
Your spell library contained the following spells:

 Spells                   Type           Power      Damage    Failure   Level
 Slow                     Hex            0%         N/A       100%        1
 Summon Small Mammal      Summ           0%         N/A       100%        1
 Call Canine Familiar     Summ           0%         N/A       100%        3
 Confusing Touch          Hex            0%         N/A       100%        3
 Summon Guardian Golem    Hex/Summ       0%         N/A       100%        3
 Vampiric Draining        Necr           0%         2d6       100%        3


Dungeon Overview and Level Annotations

Branches:
Dungeon (2/15)

Altars:

Shops:
D:2 !

Annotations:
D:2 Crazy Yiuf


Innate Abilities, Weirdness & Mutations

You are completely covered in rugged brown scales. (AC +3, +7% HP)
You have supernaturally acute eyesight. (SInv)
Armour fits poorly on your strangely shaped body.
You can roll at nearby foes to attack.
You have a long armoured tail.


Message History

There is a stone staircase leading down here.
There is a stone staircase leading down here.
You open the door. You open the door.
Found a mace.
Found a runed translucent door.
Crazy Yiuf shouts!
You open the door. You closely miss Crazy Yiuf.
Crazy Yiuf hits you with a +4 quarterstaff of chaos. x2
Crazy Yiuf burns you.
You hit Crazy Yiuf.
Your weapon exudes an aura of protection.
Crazy Yiuf is moderately wounded.
Crazy Yiuf cries, "Snower!"
You block Crazy Yiuf's attack.
You closely miss Crazy Yiuf.
Crazy Yiuf is moderately wounded.
You block Crazy Yiuf's attack. Crazy Yiuf hits you but does no damage.
You are poisoned.
You closely miss Crazy Yiuf.
Crazy Yiuf is moderately wounded.
You feel very sick. Crazy Yiuf completely misses you.
You block Crazy Yiuf's attack.
You slash Crazy Yiuf!
Your weapon exudes an aura of protection.
Crazy Yiuf is almost dead.
You feel sick.
Crazy Yiuf hits you with a +4 quarterstaff of chaos!
* * * LOW HITPOINT WARNING * * *
You blink.
You feel better.
You barely miss Crazy Yiuf.
Crazy Yiuf is severely wounded.
Crazy Yiuf hits you with a +4 quarterstaff of chaos.
Crazy Yiuf burns you.
* * * LOW HITPOINT WARNING * * *
Crazy Yiuf hits you with a +4 quarterstaff of chaos.
* * * LOW HITPOINT WARNING * * *
Space warps horribly around you!
You die...

#.#
#....##########.#
#.#
##....##........#
#.# #..#....######.#
#.# ######### #>#
#.# #.# #.###♣♣♣♣♣
#.#
#.#.'..♣.♣♣♣#####
#.#
#.......♣..♣#...#
#.#
#......♣♣♣♣.'g@.#
#.# ##..'.♣♣ ♣♣#..)#
#># ####♣♣ ##### #)#
##### ###<#####....
#.........###
############.#####.#
#..##.#.#.##.# #.##
#............# #..#
##.##.##..##.# #..##


You could see Crazy Yiuf.

Vanquished Creatures
  An adder (D:2)
  A worm (D:2)
  3 ball pythons
  2 bats (D:1)
  2 endoplasms
  6 giant cockroaches
  A goblin (D:1)
  A hobgoblin (D:1)
  A jackal (D:2)
  A quokka (D:1)
  3 frilled lizards
  2 kobolds (D:1)
  3 rats
27 creatures vanquished.

Notes
Turn   | Place    | Note
-------+----------+-------------------------------------------
     0 | D:1      | Kangaroobicon the Palentonga Fighter began the quest for
                  | the Orb.
     0 | D:1      | Reached XP level 1. HP: 19/19 MP: 1/1
   316 | D:1      | Reached XP level 2. HP: 25/25 MP: 2/2
   587 | D:1      | Found a faded altar of an unknown god.
  1186 | D:2      | Reached XP level 3. HP: 20/31 MP: 3/3
  1347 | D:2      | Found Olaseu's Distillery.
  1484 | D:2      | Found a runed translucent door.
  1485 | D:2      | Noticed Crazy Yiuf
  1495 | D:2      | Slain by Crazy Yiuf

Illustrated notes

Levels and vault maps discovered:
D:1:      shiori_arrival_elements, layout_basic,
          hellmonk_ecumenical_altar_arch_garden, item_on_display_a
D:2:      cheibrodos_helix_gallery, layout_loops_ring, serial_shops, shop,
          uniq_crazy_yiuf_cottage

Skill      XL: |  1  2  3 |
---------------+----------+-----
Axes           | 3 |  3.1
Fighting       | |  3.1
Armour         | |  2.6
Dodging        | |  0.3
Shields        | |  2.5

Action                   || total
-------------------------++-------
Melee: War axe           ||    79
       Tailslap          ||     6
  Use: Scroll            ||     3
       Potion            ||     1
Armor: Scale mail        ||    76
Dodge: Dodged            ||    14
Block: Buckler           ||    12
       Tower shield      ||    25
